 Dungeon Crawl Stone Soup version 0.21.1-1-g345015fe64 (webtiles) character file.

26 Hercules1031 the Insei (level 3, -1/23 HPs)
             Began as an Octopode Transmuter on June 10, 2018.
             Slain by a worm (7 damage)
             ... on level 2 of the Dungeon.
             The game lasted 00:10:29 (1406 turns).

Hercules1031 the Insei (Octopode Transmuter)        Turns: 1406, Time: 00:10:29

Health: -1/23      AC:  1    Str:  9    XL:     3   Next: 8%
Magic:  6/6        EV: 13    Int: 16    God:    Xom [..*...]
Gold:   62         SH:  4    Dex: 12    Spells: 0/6 levels left

rFire    . . .     SeeInvis .     - Unarmed
rCold    . . .     Gourm    .   d - +1 buckler
rNeg     . . .     Faith    .   (helmet restricted)
rPois    .         Spirit   .   (no amulet)
rElec    .         Reflect  .   f - ring of resist corrosion
rCorr    +         Harm     .   (no ring)
MR       .....                  (no ring)
Stlth    ++........             (no ring)
HPRegen  0.07/turn              (no ring)
MPRegen  0.10/turn              (no ring)
                                (no ring)
                                (no ring)

@: no status effects
A: almost no armour, stealthy swim, amphibious, 8 rings, constrict 8, camouflage
1, gelatinous body 1
a: Renounce Religion


You were on level 2 of the Dungeon.
You worshipped Xom.
You were a toy of Xom.
You were full.

You visited 1 branch of the dungeon, and saw 2 of its levels.

You collected 62 gold pieces.

Inventory:

Hand Weapons
 e - a cursed -1 whip
Missiles
 a - 25 arrows
Armour
 d - a +1 buckler (worn)
 k - a +0 shield
Jewellery
 f - a ring of resist corrosion (left tentacle)
Scrolls
 h - a scroll of teleportation
 i - a scroll of magic mapping {unknown}
Potions
 g - a potion of curing
 j - a potion of heal wounds {unknown}
Books
 b - a book of Changes

   Spells                             Type                      Level
   a - Beastly Appendage              Transmutation                1
   b - Sticks to Snakes               Transmutation                2
   c - Spider Form                    Transmutation/Poison         3
   d - Ice Form                       Ice/Transmutation            4
   e - Blade Hands                    Transmutation                5
Comestibles
 c - a ration


   Skills:
 + Level 1.2 Fighting
 * Level 2.3 Dodging
 * Level 0.5 Shields
 + Level 3.1 Unarmed Combat
 * Level 2.3 Spellcasting
 * Level 2.4 Transmutations


You couldn't memorise any spells.
You knew the following spells:

 Your Spells              Type           Power        Failure   Level  Hunger
a - Beastly Appendage     Tmut           #.....       12%         1    #......
b - Sticks to Snakes      Tmut           #.......     17%         2    ###....
c - Spider Form           Tmut/Pois      #.........   50%         3    ###....


Dungeon Overview and Level Annotations

Branches:
Dungeon (2/15)

Altars:
Xom


Innate Abilities, Weirdness & Mutations

You cannot wear most types of armour.
You are very stealthy in the water. (Stealth+)
You are amphibious.
You can wear up to eight rings at the same time.
You can use your tentacles to constrict eight enemies at once.
Your skin changes colour to match your surroundings (Stealth+).
Your rubbery body absorbs attacks. (AC +1, EV +1)


Message History

You open the large door.
Found 19 poisoned needles.
There is a large open door here. 2 worms come into view.
The worm bites you!
You tentacle-slap the worm. You grab the worm.
The worm is lightly wounded.
You constrict the worm. The worm barely misses you.
You tentacle-slap the worm but do no damage.
The worm is lightly wounded.
You constrict the worm. You tentacle-slap the worm. You squeeze the worm!
The worm is severely wounded.
You constrict the worm. The worm barely misses you. The worm bites you!
* * * LOW HITPOINT WARNING * * *
You completely miss the worm.
The worm is severely wounded.
You constrict the worm. The worm bites you!
You die... "Boring in life, boring in death..."

....... .... .......
..... ....... ......
......⌠ ⌠..... .......
...... .......##......
......⌠ww⌠.....
.......@....... . #.#
............... .
#.##...............
.##+##..##..............
.........##............#
..........##...(......##
........# ##........##
........##.#####''####..
....†...+...............


You could see 2 worms.

Vanquished Creatures
  A leopard gecko (D:1)
  A bat (D:1)
  3 giant cockroaches
  A goblin (D:1)
  3 hobgoblins
  4 kobolds
  3 frilled lizards
  4 rats (D:1)
20 creatures vanquished.

Vanquished Creatures (collateral kills)
  A dart slug (D:2)
  A giant cockroach (D:1)
  2 goblins (D:1)
  A frilled lizard (D:2)
5 creatures vanquished.

Grand Total: 25 creatures vanquished

Notes
Turn   | Place    | Note
-------+----------+-------------------------------------------
     0 | D:1      | Hercules1031 the Octopode Transmuter began the quest for the Orb.
     0 | D:1      | Reached XP level 1. HP: 13/13 MP: 3/3
   477 | D:1      | Reached XP level 2. HP: 8/18 MP: 5/5
   490 | D:1      | Learned a level 2 spell: Sticks to Snakes
  1121 | D:2      | Reached XP level 3. HP: 6/23 MP: 6/6
  1126 | D:2      | Learned a level 3 spell: Spider Form
  1355 | D:2      | Found a shimmering altar of Xom.
  1374 | D:2      | Became a worshipper of Xom of Chaos
  1406 | D:2      | Slain by a worm

Action                   || total
-------------------------++-------
Melee: Unarmed           ||    67
       Constrict         ||    21
       Tentacles         ||     9
       Kick              ||     1
 Cast: Beastly Appendage ||     1
       Sticks to Snakes  ||     4
  Use: Scroll            ||     6
       Potion            ||     2
 Stab: Sleeping          ||     3
  Eat: Ration            ||     2
Armor: Skin              ||     3
Dodge: Dodged            ||    45
Block: Buckler           ||     4
